 Dungeon Crawl Stone Soup version 0.28.0-53-g5a82cb258f (webtiles) character file.

Game seed: 1133946240338734885

858 smilodon the Covert (level 7, -1/48 HPs)
             Began as a Vampire Enchanter on Sept 28, 2022.
             Slain by a worm (6 damage)
             ... on level 5 of the Dungeon.
             The game lasted 00:18:55 (4954 turns).

smilodon the Covert (Vampire Enchanter)             Turns: 4954, Time: 00:18:55

Health: -1/48      AC:  5    Str:  7    XL:     7   Next: 71%
Magic:  5/10       EV: 13    Int: 17    God:
Gold:   1154       SH:  0    Dex: 19    Spells: 5/11 levels left

rFire   . . .      SeeInvis +   a - +1 dagger (drain)
rCold   . . .      Faith    .   (no shield)
rNeg    . . .      Spirit   .   g - +0 leather armour
rPois   .          Reflect  .   l - +0 helmet
rElec   .          Harm     .   f - +0 cloak
rCorr   .          Rampage  .   (no gloves)
Will    .....                   (no boots)
Stlth   ++++......              (no amulet)
HPRegen 0.36/turn               (no ring)
MPRegen 0.12/turn               (no ring)

@: healing quickly
A: alive, fangs 3, see invisible, vampiric 2, agile 1
a: Exsanguinate


You were on level 5 of the Dungeon.
You visited 2 branches of the dungeon, and saw 6 of its levels.

You collected 1154 gold pieces.

Inventory:

Hand Weapons
 a - a +1 dagger of draining (weapon)
 d - a +1 dagger of venom
Missiles
 i - a throwing net (quivered)
 j - 6 boomerangs
Armour
 b - a +0 robe
 f - a +0 cloak (worn)
 g - a +0 leather armour (worn)
 l - a +0 helmet (worn)
Wands
 e - a wand of mindburst (23)
Scrolls
 c - a scroll of amnesia {unknown}
 h - a scroll of brand weapon
 k - a scroll of enchant armour
 n - a scroll of identify


   Skills:
 - Level 1.2 Fighting
 + Level 5.3 Short Blades
 - Level 1.0 Armour
 + Level 4.4 Dodging
 + Level 9.0 Stealth
 + Level 2.5 Spellcasting
 + Level 5.4 Hexes


You had 5 spell levels left.
You knew the following spells:

 Your Spells              Type           Power      Damage    Failure   Level
a - Tukima's Dance        Hex            20%        N/A       9%          3
b - Confusing Touch       Hex            20%        N/A       9%          3

Your spell library contained the following spells:

 Spells                   Type           Power      Damage    Failure   Level
 Ensorcelled Hibernation  Hex/Ice        22%        N/A       13%         2
 Dazzling Flash           Conj/Hex       22%        N/A       26%         3
 Blink                    Tloc           4%         N/A       38%         2
 Static Discharge         Conj/Air       2%         N/A       38%         2
 Lesser Beckoning         Tloc           2%         N/A       63%         3
 Lightning Bolt           Conj/Air       1%         1d12      100%        5
 Manifold Assault         Tloc           2%         N/A       100%        5
 Maxwell's Capacitive Co  Air            1%         ∞         100%        8


Dungeon Overview and Level Annotations

Branches:
Dungeon (5/15)             Temple (1/1) D:5

Altars:
Ashenzari
Cheibriados
Dithmenos
Elyvilon
Hepliaklqana
Kikubaaqudgha
Makhleb
Nemelex Xobeh
Okawaru
Qazlal
Ru
Sif Muna
Uskayaw
Vehumet
Wu Jian
Xom
Yredelemnul
The Shining One

Annotations:
D:3 1 runed translucent door, styxcanada's ghost, amateur SpBr
D:5 Ijyb


Innate Abilities, Weirdness & Mutations

Your natural rate of healing is accelerated.
You have razor-sharp teeth.
You have supernaturally acute eyesight. (SInv)
You are afflicted with vampirism and can become a bat while bloodless.
You are agile. (Dex +2)


Message History

The phantom is heavily damaged.
The howler monkey zombie closely misses you.
You closely miss the phantom.
The phantom is heavily damaged.
The phantom hits you.
* * * LOW HITPOINT WARNING * * *
The howler monkey zombie misses you.
You aren't carrying any potions.
You hit the phantom. You bite the phantom, but do no damage.
The phantom is heavily damaged.
The phantom closely misses you.
You hit the phantom.
The phantom is heavily damaged.
The howler monkey zombie barely misses you.
You hit the phantom. You bite the phantom, but do no damage.
The phantom is severely damaged.
The phantom completely misses you. The howler monkey zombie misses you.
You barely miss the phantom. You bite the phantom.
The phantom is severely damaged.
The phantom hits you!
* * * LOW HITPOINT WARNING * * *
The phantom blinks!
You blink.
Casting: Tukima's Dance (dangerous; 9% risk of failure)
Confirm with . or Enter, or press ? or * to list all spells.
Your hands begin to glow red.
The phantom closely misses you.
You completely miss the phantom.
The phantom is severely damaged.
The phantom hits you.
* * * LOW HITPOINT WARNING * * *
You hit the phantom but do no damage. You bite the phantom.
The phantom is almost destroyed.
You hit the phantom but do no damage.
The phantom appears confused.
Your bite misses the phantom.
The phantom is almost destroyed.
The phantom misses you.
A phantom comes into view.
The phantom hits the howler monkey zombie.
The phantom blinks!
The howler monkey zombie blinks!
The worm bites you.
You die...

############
#..........#
#.####.§...#
#....ZW.#
W.....#..w..####
##.#.##..@.....#####
...P....###.......#
...≈.P..# #.......#
#.≈5.≈≈≈####.#.##..#
#.≈.≈.≈≈P #.†...# $#
♣.≈≈≈≈≈.#.)..≈....#
.≈o≈≈P≈..#≈≈≈.P≈..#
≈≈≈≈≈≈P.P≈≈.≈.≈..#
≈≈≈.....≈≈≈≈.P.#


You could see a phantom (confused), a worm, a white imp (asleep), an orc
(asleep) and a howler monkey zombie.

Vanquished Creatures
  Sigmund (D:4)
  A necrophage (D:4)
  An ogre (D:5)
  2 scorpions (D:4)
  A water moccasin skeleton (D:5)
  A bullfrog zombie (D:5)
  A gnoll shaman (D:4)
  A centaur skeleton (D:4)
  A bullfrog skeleton (D:5)
  Robin (D:4)
  5 gnolls
  9 adders
  An adder skeleton (D:4)
  4 worms (D:3)
  10 ball pythons
  3 bats
  7 endoplasms
  2 giant cockroaches (D:3)
  16 goblins
  7 hobgoblins
  2 jackals (D:2)
  4 kobolds
  4 quokkas
  4 frilled lizards
  4 rats
93 creatures vanquished.

Vanquished Creatures (collateral kills)
  A gnoll (D:1)
1 creature vanquished.

Vanquished Creatures (others)
  3 dancing weapons
  16 plants (D:5)
19 creatures vanquished.

Grand Total: 113 creatures vanquished

Notes
Turn   | Place    | Note
-------+----------+-------------------------------------------
     0 | D:1      | smilodon the Vampire Enchanter began the quest for the Orb.
     0 | D:1      | Reached XP level 1. HP: 13/13 MP: 3/3
    56 | D:1      | Found a faded altar of an unknown god.
   437 | D:1      | Reached skill level 5 in Stealth
   437 | D:1      | Reached XP level 2. HP: 19/19 MP: 5/5
   824 | D:1      | Identified a scroll of acquirement
   824 | D:1      | Acquired 914 gold pieces
   908 | D:2      | Gained mutation: You are afflicted with vampirism and can
                  | become a bat while bloodless. [Vampire growth]
   908 | D:2      | Reached XP level 3. HP: 24/24 MP: 6/6
  1316 | D:2      | Learned a level 3 spell: Tukima's Dance
  1329 | D:2      | Reached XP level 4. HP: 18/31 MP: 3/7
  1336 | D:2      | Learned a level 3 spell: Confusing Touch
  2638 | D:3      | Reached skill level 6 in Stealth
  2857 | D:3      | Found a sacrificial altar of Ru.
  3071 | D:3      | Found a runed translucent door.
  3084 | D:3      | Reached XP level 5. HP: 32/36 MP: 4/8
  3119 | D:3      | Noticed styxcanada's ghost (amateur SpBr)
  3157 | D:3      | Reached skill level 1 in Armour
  3668 | D:3      | Gained mutation: You are agile. (Dex +2) [potion of
                  | mutation]
  3809 | D:4      | Noticed a necrophage
  3814 | D:4      | Killed a necrophage
  3815 | D:4      | Reached skill level 1 in Fighting
  3833 | D:4      | Reached XP level 6. HP: 30/43 MP: 9/9
  3929 | D:4      | Reached skill level 7 in Stealth
  4001 | D:4      | Noticed Robin
  4055 | D:4      | Killed Robin
  4229 | D:4      | Noticed Sigmund
  4266 | D:4      | Killed Sigmund
  4267 | D:4      | Reached skill level 8 in Stealth
  4267 | D:4      | Reached XP level 7. HP: 31/48 MP: 3/10
  4278 | D:4      | Reached skill level 5 in Hexes
  4439 | D:4      | Found a snail-covered altar of Cheibriados.
  4449 | D:5      | Entered Level 5 of the Dungeon
  4456 | D:5      | Found a staircase to the Ecumenical Temple.
  4591 | D:5      | Reached skill level 5 in Short Blades
  4610 | Temple   | Entered the Ecumenical Temple
  4885 | D:5      | Noticed Ijyb
  4894 | D:5      | Reached skill level 9 in Stealth
  4954 | D:5      | Slain by a worm

Illustrated notes

Levels and vault maps discovered:
D:1:      minmay_arrival_plants_in_alcoves, layout_loops_ring,
          basic_ecumenical_altar, minivault_11, corexii_item_surrounded_by_moat,
          minmay_tall_x
D:2:      layout_loops_corners
D:3:      layout_basic, nicolae_overflow_hidden_temple, ebering_ghost_sewer_d,
          nicolae_wormholes
D:4:      layout_basic, kennysheep_flooded_box, minmay_misc_feat_roman,
          uniq_robin, uniq_sigmund
D:5:      layout_loops_cross, gammafunk_temple_overflow_pools,
          minmay_temple_entry_junction_2, serial_bayou, serial_bayou_pond_c,
          serial_bayou_pond_b, serial_bayou_crossing, serial_bayou_pond_b,
          serial_bayou_ford_a, serial_bayou_pond_b, nicolae_take_the_stairs,
          kennysheep_another_room, uniq_ijyb
Temple:   bh_familiar_temple

Skill      XL: |  1  2  3  4  5  6  7 |
---------------+----------------------+-----
Stealth        | 5 6 8 9 |  9.0
Short Blades   | 2 3 4 5 |  5.3
Dodging        | 3 4 |  4.4
Armour         | 1 |  1.0
Fighting       | 1 |  1.2
Hexes          | 5 |  5.4
Spellcasting   | |  2.5

Action                   |  1- 3 |  4- 6 |  7- 9 || total
-------------------------+-------+-------+-------++-------
Melee: Dagger            |   113 |   240 |    61 ||   414
       Bite              |    13 |    31 |     8 ||    52
       Punch             |     2 |     3 |       ||     5
 Cast: Tukima's Dance    |     1 |     7 |     3 ||    11
       Confusing Touch   |       |     5 |     1 ||     6
  Use: Potion            |     2 |     4 |     1 ||     7
       Scroll            |     1 |     1 |     5 ||     7
 Stab: Sleeping          |     7 |    14 |     3 ||    24
       Invisible         |     1 |     2 |     1 ||     4
       Confused          |       |     3 |       ||     3
       Distracted        |       |     1 |       ||     1
Armor: Robe              |    10 |       |       ||    10
       Leather armour    |       |    44 |     6 ||    50
       Skin              |       |     4 |       ||     4
Dodge: Dodged            |    56 |   115 |    43 ||   214
